 Dungeon Crawl Stone Soup version 0.29.1-12-g30fa7ad0bf (webtiles) character file.

Game seed: 12861332343828637387

126 Cerpago the Trooper (level 4, -1/40 HPs)
             Began as a Draconian Abyssal Knight on Jan 12, 2023.
             Was a Priest of Lugonu.
             Killed from afar by a white imp (4 damage)
             ... with a puff of frost
             ... summoned by Natasha
             ... on level 2 of the Dungeon.
             The game lasted 00:05:08 (2630 turns).

Cerpago the Trooper (Draconian Abyssal Knight)      Turns: 2630, Time: 00:05:08

Health: -1/40      AC:  5    Str: 16    XL:     4   Next: 84%
Magic:  5/5        EV: 12    Int: 10    God:    Lugonu [***...]
Gold:   124        SH:  0    Dex: 13    Spells: 3/3 levels left

rFire   . . .      SeeInvis .     - Unarmed
rCold   . . .      Faith    .   (no shield)
rNeg    . . .      Spirit   .   (body armour unavailable)
rPois   .          Reflect  .   (helmet restricted)
rElec   .          Harm     .   (no cloak)
rCorr   .          Rampage  .   (no gloves)
Will    .....                   (no boots)
Stlth   +.........              (no amulet)
HPRegen 0.13/turn               (no ring)
MPRegen 0.09/turn               (no ring)

@: no status effects
A: AC +5, unfitting armour, cold-blooded
a: Renounce Religion, Depart the Abyss, Bend Space, Banish


You were on level 2 of the Dungeon.
You worshipped Lugonu.
Lugonu was most pleased with you.
You visited 1 branch of the dungeon, and saw 2 of its levels.
You visited the Abyss 1 time.

You collected 124 gold pieces.

Inventory:

Jewellery
 d - a ring of willpower
Potions
 a - a potion of flight
 b - a potion of haste


   Skills:
 + Level 4.0 Fighting
 + Level 2.8 Dodging
 + Level 0.1 Stealth
 * Level 4.0 Unarmed Combat
 + Level 2.2 Invocations


You had 3 spell levels left.
You didn't know any spells.
Your spell library was empty.

Dungeon Overview and Level Annotations

Branches:
Dungeon (2/15)

Altars:

Annotations:
D:2 Natasha


Innate Abilities, Weirdness & Mutations

Your plain brown scales are hard. (AC +5)
You cannot fit into any form of body armour.
You are cold-blooded and may be slowed by cold attacks.


Message History

Natasha zaps a wand.
The puff of flame hits you!
You barely miss Natasha. Natasha closely misses you.
You miss Natasha. Natasha claws you.
You hit Natasha.
Natasha is lightly wounded.
Natasha barely misses you.
You closely miss Natasha. You tail-slap Natasha.
Natasha is moderately wounded.
Natasha claws you.
You closely miss Natasha.
You tail-slap Natasha, but do no damage.
Natasha is moderately wounded.
Natasha zaps a wand.
The puff of flame hits you.
You hit Natasha.
Natasha is severely wounded.
Natasha misses you.
You hit Natasha but do no damage.
Natasha is severely wounded.
Natasha claws you!
* * * LOW HITPOINT WARNING * * *
You hit Natasha.
Natasha is almost dead.
Natasha closely misses you.
You hit Natasha.
You kill Natasha!
Lugonu accepts your kill.
Natasha growls in agony!
Your Unarmed Combat skill increases to level 4!
Natasha, Servant of Life and Death comes into view.
She is carrying a wand of flame (19).
Natasha mumbles some strange words.
Natasha casts a spell at you. The magic dart hits you!
* * * LOW HITPOINT WARNING * * *
Natasha mewls in sadness.
There is an open door here.
Natasha zaps a wand.
The puff of flame hits you.
* * * LOW HITPOINT WARNING * * *
The white imp gestures at you. The puff of frost hits you.
You die...

#.###....###....#
######
#.##......##..#.# #.#
#...............# #.#
####.#>.........#
#.##### #...........##
#.....#
###..........#######.#
#............# #.#
#.........##.#####'#
###@#######.........
###'#######.....†...
###?...)...##.........
#..........######...##
#...........# #......
#.......5...# #......
#...........# #......
#.....h....... ....##.
###........#######.##.


You could see Natasha and a white imp (summoned).

Vanquished Creatures
  Jessica (D:2)
  Natasha (D:2)
  2 gnolls (D:1)
  2 worms (D:2)
  A dart slug (D:2)
  3 endoplasms
  3 giant cockroaches (D:1)
  2 goblins (D:1)
  4 hobgoblins
  3 jackals (D:2)
  4 kobolds
  4 quokkas (D:2)
  6 ball pythons
  4 bats
  4 frilled lizards (D:1)
  2 rats (D:1)
  A spectral hobgoblin (D:1)
47 creatures vanquished.

Notes
Turn   | Place    | Note
-------+----------+-------------------------------------------
     0 | Abyss:1  | Cerpago the Draconian Abyssal Knight began the quest for
                  | the Orb.
     0 | Abyss:1  | Reached XP level 1. HP: 19/19 MP: 2/2
     5 | D:1      | Escaped the Abyss
   361 | D:1      | Reached XP level 2. HP: 24/26 MP: 3/3
   678 | D:1      | Found a faded altar of an unknown god.
   836 | D:1      | Reached XP level 3. HP: 24/33 MP: 4/4
  1279 | D:1      | Reached *** piety under Lugonu
  1861 | D:2      | Noticed Jessica
  1882 | D:2      | Killed Jessica
  1883 | D:2      | Reached XP level 4. HP: 18/40 MP: 5/5
  2595 | D:2      | Noticed Natasha
  2613 | D:2      | Killed Natasha
  2623 | D:2      | Noticed Natasha
  2630 | D:2      | Killed from afar by a white imp

Illustrated notes

Levels and vault maps discovered:
D:1:      elethiomel_arrival_maze, layout_basic,
          dreamdust_ecumenical_altar_drowned_temple, serial_park_tiny_2
D:2:      layout_basic, serial_rivers, chequers_serial_rivers_micro_a,
          chequers_serial_rivers_marsh, chequers_serial_rivers_room_b,
          chequers_serial_rivers_small_a, minivault_19, eino_tiny_chamber,
          uniq_natasha, uniq_crazy_yiuf_cottage, uniq_jessica

Skill      XL: |  1  2  3  4 |
---------------+-------------+-----
Unarmed Combat | 3 4 |  4.0
Fighting       | 4 |  4.0
Dodging        | |  2.8
Stealth        | |  0.1
Invocations    | |  2.2

Action                   |  1- 3 |  4- 6 || total
-------------------------+-------+-------++-------
Melee: Unarmed           |   162 |    64 ||   226
       Tailslap          |    19 |     3 ||    22
       Punch             |     4 |     2 ||     6
  Use: Scroll            |     2 |     3 ||     5
       Potion            |     2 |     1 ||     3
Armor: Skin              |    68 |    10 ||    78
Dodge: Dodged            |   125 |    23 ||   148
